 Dungeon Crawl Stone Soup version 0.29-a0-234-g0dae59b3db (webtiles) character file.

Game seed: 4154618626430102207

12798 ReploidZero the Grappler (level 11, -2/115 HPs)
             Began as a Troll Gladiator on Mar 2, 2022.
             Was a Priest of Ru.
             Slain by an eight-headed hydra (6 damage)
             ... on level 1 of the Lair of Beasts.
             The game lasted 00:24:38 (9879 turns).

ReploidZero the Grappler (Troll Gladiator)          Turns: 9879, Time: 00:24:39

Health: -2/115     AC:  8    Str: 26    XL:     11   Next: 67%
Magic:  10/10      EV: 17    Int:  4    God:    Ru [***...]
Gold:   595        SH:  0    Dex: 13    Spells: 10/10 levels left

rFire   . . .      SeeInvis .     - Unarmed
rCold   . . .      Faith    +   (no shield)
rNeg    . . .      Spirit   .   G - +0 steam dragon scales
rPois   .          Reflect  .   b - +1 hat
rElec   .          Harm     .   (no cloak)
rCorr   .          Rampage  .   (gloves unavailable)
Will    .....                   (boots unavailable)
Stlth   +.........              B - amulet of faith
HPRegen 1.09/turn               n - +4 ring of slaying
MPRegen 0.12/turn               w - +4 ring of evasion

@: mighty
A: large, unfitting armour, claws 3, regeneration 1, shaggy fur 1, tough skin 1,
no conjurations magic, no hexes magic, no ice magic, weak-willed 1
a: Renounce Religion, Sacrifice Drink, Sacrifice Essence, Sacrifice Experience,
Reject Sacrifices, Draw Out Power


You were on level 1 of the Lair of Beasts.
You worshipped Ru.
Ru was most pleased with you.
You visited 3 branches of the dungeon, and saw 14 of its levels.

You collected 728 gold pieces.
You spent 133 gold pieces at shops.

Inventory:

Missiles
 j - 8 boomerangs (quivered)
 o - 5 poisoned darts
 F - 5 silver boomerangs
Armour
 b - a +1 hat (worn)
 G - +0 steam dragon scales (worn)
 H - a +0 troll leather armour
Jewellery
 n - a +4 ring of slaying (left claw)
 t - a ring of resist corrosion
 u - a +6 ring of intelligence
 v - a ring of wizardry
 w - a +4 ring of evasion (right claw)
 B - an amulet of faith (around neck)
 C - a ring of magical power
 I - a ring of protection from fire
 K - a ring of fire
Wands
 a - a wand of charming (6)
 A - a wand of paralysis (4)
 J - a wand of flame (8)
Scrolls
 d - a scroll of blinking
 g - 3 scrolls of identify
 h - 2 scrolls of amnesia
 l - 7 scrolls of teleportation
 y - 3 scrolls of fog
 L - a scroll of enchant armour
Potions
 e - 3 potions of brilliance
 f - 3 potions of mutation {unknown}
 i - 2 potions of berserk rage
 k - 7 potions of curing
 m - 3 potions of flight
 p - a potion of cancellation {unknown}
 q - 3 potions of lignification {unknown}
 r - 3 potions of attraction
 s - a potion of might
 x - 2 potions of heal wounds {unknown}
 z - a potion of ambrosia
 D - a potion of haste {unknown}


   Skills:
 + Level 9.3 Fighting
 + Level 3.1 Throwing
 + Level 9.5 Dodging
 + Level 11.3 Unarmed Combat


You had 10 spell levels left.
You didn't know any spells.
Your spell library contained the following spells:

 Spells                   Type           Power      Damage    Failure   Level
 Call Canine Familiar     Summ           0%         N/A       86%         3
 Ignite Poison            Fire/Tmut/Pois 0%         N/A       86%         3
 Spider Form              Tmut/Pois      0%         N/A       86%         3
 Magic Dart               Conj           Unusable   1d3       N/A         1
 Ensorcelled Hibernation  Hex/Ice        Unusable   N/A       N/A         2
 Searing Ray              Conj           Unusable   2d4       N/A         2
 Mephitic Cloud           Conj/Pois/Air  Unusable   N/A       N/A         3
 Portal Projectile        Hex/Tloc       Unusable   N/A       N/A         3
 Anguish                  Hex/Necr       Unusable   N/A       N/A         4
 Fulminant Prism          Conj/Hex       Unusable   3d6       N/A         4
 Leda's Liquefaction      Hex/Erth       Unusable   N/A       N/A         4
 Freezing Cloud           Conj/Ice/Air   Unusable   6-21      N/A         5

Dungeon Overview and Level Annotations

Branches:
Dungeon (12/15)            Temple (1/1) D:5            Lair (1/6) D:9
    Orc (0/2) D:11

Altars:
Ashenzari
Cheibriados
Dithmenos
Elyvilon
Fedhas
Gozag
Hepliaklqana
Kikubaaqudgha
Makhleb
Nemelex Xobeh
Okawaru
Qazlal
Ru
Sif Muna
Trog
Uskayaw
Vehumet
Wu Jian
Xom
Yredelemnul
Zin
The Shining One

Shops:
D:8 (   D:11 ?


Innate Abilities, Weirdness & Mutations

You are too large for most types of armour.
You have claws for hands.
Your natural rate of healing is unusually fast.
You are covered in fur. (AC +1)
You have tough skin. (AC +1)
You cannot study or cast Conjurations magic.
You cannot study or cast Hexes magic.
You cannot study or cast Ice magic.
You are slightly weak-willed. (Will-)


Message History

You feel very mighty all of a sudden.
The six-headed hydra is stunned by your conviction and fails to attack.
You tear one of the six-headed hydra's heads off!
The five-headed hydra grows two more!
You eviscerate the seven-headed hydra!!!
The seven-headed hydra is heavily wounded.
The seven-headed hydra bites you!
The seven-headed hydra bites you but does no damage.
The seven-headed hydra bites you! x2
The seven-headed hydra closely misses you.
The seven-headed hydra bites you.
The seven-headed hydra barely misses you.
You tear one of the seven-headed hydra's heads off!
The six-headed hydra grows two more!
You mangle the eight-headed hydra!!
The eight-headed hydra is severely wounded.
The eight-headed hydra bites you but does no damage. x2
The eight-headed hydra bites you!
The eight-headed hydra barely misses you.
The eight-headed hydra closely misses you.
The eight-headed hydra barely misses you.
The eight-headed hydra bites you.
The eight-headed hydra closely misses you.
You barely miss the eight-headed hydra.
The eight-headed hydra is severely wounded.
The eight-headed hydra bites you! x2
The eight-headed hydra barely misses you.
The eight-headed hydra bites you but does no damage.
The eight-headed hydra bites you. The eight-headed hydra bites you!
* * * LOW HITPOINT WARNING * * *
The eight-headed hydra completely misses you.
The eight-headed hydra bites you but does no damage.
You completely miss the eight-headed hydra.
The eight-headed hydra is severely wounded.
The eight-headed hydra bites you!
* * * LOW HITPOINT WARNING * * *
The eight-headed hydra misses you. x2; The eight-headed hydra bites you!
* * * LOW HITPOINT WARNING * * *
The eight-headed hydra completely misses you.
The eight-headed hydra bites you.
You die...

#. ..#.....# #...........##
..###.#...### ####P'##.####
.....#..'##.# ##.####
#P.#.....## ##.# #
#....♣...## ##..#
#.#.........## #..## ###
#...♣..>..♣..####.####.##
#........D....##........##
#........♣..@....#........P#
#...........#.....#.......##
...♣........#..♣...#.......#
......#..♣..#......#......##
.....##.....##.....########
.....#..............#
#...###.....##...+### ##...#
.#.#. ##..


You could see an eight-headed hydra.

Vanquished Creatures
  A hydra (Lair:1)
  A catoblepas (D:9)
  A two-headed ogre (D:8)
  A cyclops (D:11)
  A manticore (D:11)
  A black mamba (Lair:1)
  A gargoyle (D:11)
  A cane toad (Lair:1)
  A komodo dragon (D:9)
  A troll (D:11)
  4 blink frogs (Lair:1)
  A vampire (D:10)
  A wyvern (D:11)
  7 yaks
  3 steam dragons
  Grum (D:10)
  4 water moccasins
  A black bear (D:6)
  2 sky beasts
  5 orc warriors
  4 ice beasts
  2 ogres (D:5)
  4 wolves (D:10)
  11 centaurs
  2 phantoms
  2 kobold brigands
  Blork the orc (D:5)
  2 scorpions (D:7)
  2 wyvern zombies (D:7)
  3 bullfrogs
  3 necrophages
  24 wights
  A jelly (D:5)
  6 killer bees (D:8)
  2 centaur zombies (D:7)
  3 hounds
  A gnoll shaman (D:10)
  6 orc priests
  3 iguanas
  5 orc wizards
  3 killer bee zombies (D:7)
  A howler monkey zombie (D:7)
  14 gnolls
  8 adders
  A shadow imp (D:7)
  A white imp (D:5)
  A worm (D:2)
  3 dart slugs
  33 orcs
  5 ball pythons
  3 endoplasms
  4 giant cockroaches
  10 hobgoblins
  7 jackals
  4 quokkas
  7 bats
  4 frilled lizards
  8 goblins
  22 kobolds
  5 rats
270 creatures vanquished.

Vanquished Creatures (others)
  An orc wizard (D:11)
  15 plants
16 creatures vanquished.

Grand Total: 286 creatures vanquished

Notes
Turn   | Place    | Note
-------+----------+-------------------------------------------
     0 | D:1      | ReploidZero the Troll Gladiator began the quest for the
                  | Orb.
     0 | D:1      | Reached XP level 1. HP: 19/19 MP: 0/0
   151 | D:1      | Reached XP level 2. HP: 28/28 MP: 1/1
   995 | D:2      | Identified the +1 hand axe "Aveomulo" {freeze, Int+9}
  1003 | D:2      | Reached XP level 3. HP: 33/35 MP: 2/2
  1715 | D:2      | Reached XP level 4. HP: 16/44 MP: 3/3
  1987 | D:3      | Reached skill level 4 in Unarmed Combat
  1993 | D:3      | Reached XP level 5. HP: 9/50 MP: 4/4
  2593 | D:4      | Found a sparkling altar of Nemelex Xobeh.
  2616 | D:4      | Noticed a phantom
  2631 | D:4      | Killed a phantom
  2643 | D:4      | Reached XP level 6. HP: 57/61 MP: 5/5
  2735 | D:4      | Found a glowing silver altar of Zin.
  2784 | D:4      | Found a bloodstained altar of Trog.
  2847 | D:4      | Identified the +2 rapier of Karma {spect, rC- Str+6}
  3117 | D:4      | Reached skill level 5 in Unarmed Combat
  3324 | D:4      | Reached XP level 7. HP: 57/68 MP: 6/6
  3544 | D:5      | Entered Level 5 of the Dungeon
  3552 | D:5      | Noticed Blork the orc
  3559 | D:5      | Killed Blork the orc
  3718 | D:5      | Found a burning altar of Makhleb.
  3720 | D:5      | Noticed an Executioner
  3874 | D:5      | Found a staircase to the Ecumenical Temple.
  3879 | D:5      | Reached skill level 6 in Unarmed Combat
  3910 | D:5      | Reached skill level 5 in Dodging
  3924 | D:5      | Reached XP level 8. HP: 77/79 MP: 7/7
  3930 | Temple   | Entered the Ecumenical Temple
  4057 | D:5      | Found a sacrificial altar of Ru.
  4183 | D:5      | Reached skill level 5 in Fighting
  4249 | D:5      | Became a worshipper of Ru the Awakened
  4532 | D:6      | Reached skill level 7 in Unarmed Combat
  4750 | D:6      | Reached XP level 9. HP: 89/89 MP: 8/8
  5006 | D:7      | Found a basalt altar of Yredelemnul.
  5023 | D:7      | Reached skill level 8 in Unarmed Combat
  5249 | D:7      | Found a white marble altar of Elyvilon.
  5528 | D:7      | Reached XP level 10. HP: 102/102 MP: 9/9
  5562 | D:7      | You fall into a shaft and drop 1 floor!
  5583 | D:8      | Gained mutation: You are slightly weak-willed. (Will-) [Ru
                  | sacrifice]
  5583 | D:8      | Reached * piety under Ru
  5583 | D:8      | Reached ** piety under Ru
  5621 | D:8      | Reached skill level 9 in Unarmed Combat
  5903 | D:8      | Noticed a two-headed ogre
  5908 | D:8      | Killed a two-headed ogre
  5972 | D:8      | Found a radiant altar of Vehumet.
  6108 | D:8      | Found Fiem Kadgh's Antique Weapon Shoppe.
  6746 | D:9      | Noticed a catoblepas
  6860 | D:9      | Found a shimmering blue altar of Sif Muna.
  6886 | D:9      | Found a blossoming altar of Fedhas.
  6889 | D:9      | Found a snail-covered altar of Cheibriados.
  6901 | D:9      | Found an ornate altar of the Wu Jian Council.
  6992 | D:9      | Reached skill level 10 in Unarmed Combat
  7267 | D:9      | Found a staircase to the Lair.
  7436 | D:9      | Killed a catoblepas
  7437 | D:9      | Reached XP level 11. HP: 88/113 MP: 10/10
  7489 | D:10     | Entered Level 10 of the Dungeon
  7633 | D:10     | Noticed Grum
  7652 | D:10     | Killed Grum
  8018 | D:10     | Gained mutation: You cannot study or cast Ice magic. [Ru
                  | sacrifice]
  8018 | D:10     | Gained mutation: You cannot study or cast Hexes magic. [Ru
                  | sacrifice]
  8018 | D:10     | Gained mutation: You cannot study or cast Conjurations
                  | magic. [Ru sacrifice]
  8018 | D:10     | Reached *** piety under Ru
  8451 | D:11     | Found Tuqoub's Magic Scroll Boutique.
  8462 | D:11     | Bought a scroll of identify for 28 gold pieces
  8462 | D:11     | Bought a scroll of enchant armour for 105 gold pieces
  8827 | D:11     | Reached skill level 11 in Unarmed Combat
  8890 | D:11     | Found a staircase to the Orcish Mines.
  9452 | D:12     | Noticed a two-headed ogre
  9457 | D:12     | Noticed a two-headed ogre
  9548 | Lair:1   | Entered Level 1 of the Lair of Beasts
  9657 | Lair:1   | Noticed a six-headed hydra
  9737 | Lair:1   | Killed a 15-headed hydra
  9864 | Lair:1   | Noticed a six-headed hydra
  9879 | Lair:1   | HP: 4/115 [eight-headed hydra (10)]
  9879 | Lair:1   | Slain by an eight-headed hydra

Illustrated notes

Levels and vault maps discovered:
D:1:      evilmike_arrival_rings, layout_basic, serial_bayou_lagoon_a,
          minmay_pentomino_q2
D:2:      layout_basic
D:3:      layout_basic
D:4:      layout_basic, mainiacjoe_overflow_cross_hatched,
          mainiacjoe_overflow_24_doors, lemuel_coloured_pillars_altar,
          hangedman_decor_slide_cut, minmay_stone_trees_medium
D:5:      layout_gridville, nicolae_ru_awakened_eye, makhleb_altar_promises_db,
          minmay_temple_entry_slanted, chequers_hall_statues_wall_a,
          kennysheep_generic_room_7, uniq_blork_the_orc
D:6:      layout_rooms, due_unseen_surprise
D:7:      layout_loops_ring, nicolae_yredelemnul_corpse_copse,
          mainiacjoe_overflow_paths
D:8:      layout_basic, general_overflow_altar, serial_shops,
          nicolae_shop_waterfront
D:9:      layout_roguey, grunt_temple_overflow_cloverleaf, lair_entry_dummy,
          st_stairs_11
D:10:     layout_roguey, uniq_grum
D:11:     layout_layer_cave, david_orc_3, serial_shops, nicolae_shop_stone
D:12:     layout_cross, serial_bayou_lagoon_b, uniq_nessos
Temple:   cyrus_temple_forest
Lair:1:   layout_roguey, chequers_serial_rivers_large_a, serial_bayou_shore_b,
          grunt_megastairs_3

Skill      XL: |  1  2  3  4  5  6  7  8  9 10 11 |
---------------+----------------------------------+-----
Throwing       | 2 3 |  3.1
Fighting       | 2 3 4 5 7 8 9 |  9.3
Dodging        | 3 4 5 6 7 8 9 |  9.5
Unarmed Combat | 4 5 6 7 8 10 11 | 11.3

Action                   |  1- 3 |  4- 6 |  7- 9 | 10-12 || total
-------------------------+-------+-------+-------+-------++-------
Melee: Unarmed           |   124 |   135 |   260 |   291 ||   810
       Punch             |     2 |     2 |     9 |    19 ||    32
Throw: Boomerang         |       |       |     3 |     2 ||     5
       Throwing net      |       |       |       |     3 ||     3
Invok: Sacrifice Essence |       |       |       |     1 ||     1
       Sacrifice Arcana  |       |       |       |     1 ||     1
Evoke: Wand              |       |       |       |     2 ||     2
  Use: Scroll            |       |     8 |     1 |     8 ||    17
       Potion            |       |     2 |     1 |     3 ||     6
 Stab: Sleeping          |       |     2 |     3 |     2 ||     7
       Paralysed         |       |       |       |     9 ||     9
       Distracted        |       |       |       |     1 ||     1
Armor: Robe              |    43 |    35 |    59 |    23 ||   160
       Steam dragon scal |       |       |       |    42 ||    42
Dodge: Dodged            |    75 |    67 |   192 |   228 ||   562

Table legend: (Time is in decaauts)
 A = Elapsed time spent in this place.
 B = Non-inter-level travel time spent in this place.
 C = Inter-level travel time spent in this place.
 D = Time resting spent in this place.
 E = Time spent auto-exploring this place.
 F = Levels seen in this place.
 G = Mean time per level.
                   A        B        C        D        E       F      G
               +--------+--------+--------+--------+--------+-----+--------+
         Total |   9793 |   9294 |    499 |      0 |   7333 |  14 |  699.5 |
       Dungeon |   9385 |   8925 |    460 |      0 |   7112 |  12 |  782.1 |
        Temple |     87 |     48 |     39 |      0 |     38 |   1 |   87.0 |
          Lair |    320 |    320 |      0 |      0 |    183 |   1 |  320.0 |
               +--------+--------+--------+--------+--------+-----+--------+

Top non-repeatable levels by time:
    D:11: 1348 daAuts
     D:4: 970 daAuts
     D:7: 933 daAuts
     D:1: 932 daAuts
     D:9: 891 daAuts
     D:3: 812 daAuts
     D:2: 810 daAuts
     D:8: 780 daAuts
    D:10: 654 daAuts
     D:5: 652 daAuts
     D:6: 590 daAuts
  Lair:1: 320 daAuts
  Temple: 87 daAuts
    D:12: 7 daAuts
